 Dungeon Crawl Stone Soup version 0.26.0-7-g794d0892b4 (webtiles) character file.

Game seed: 4124574253801427697

30 Acheron the Skirmisher (level 3, -23/33 HPs)
             Began as a Hill Orc Abyssal Knight on Jan 11, 2021.
             Was a Follower of Lugonu.
             Annihilated by an ogre
             ... wielding a +0 giant club
              (24 damage)
             ... on level 4 of the Dungeon.
             The game lasted 00:04:07 (754 turns).

Acheron the Skirmisher (Hill Orc Abyssal Knight)     Turns: 754, Time: 00:04:09

Health: -23/33     AC:  6    Str: 14    XL:     3   Next: 18%
Magic:  4/4        EV: 11    Int: 12    God:    Lugonu [*.....]
Gold:   74         SH:  0    Dex: 11    Spells: 2/2 levels left

rFire    . . .     SeeInvis .   k - +2 hand axe (vorpal)
rCold    . . .     Faith    .   (no shield)
rNeg     . . .     Spirit   .   b - +0 leather armour
rPois    .         Reflect  .   (no helmet)
rElec    .         Harm     .   j - scarf {+Inv}
rCorr    .         Rampage  .   (no gloves)
Will     .....                  l - +2 pair of boots
Stlth    +.........             (no amulet)
HPRegen  0.11/turn              (no ring)
MPRegen  0.09/turn              (no ring)

@: no status effects
A: no striking features
a: Renounce Religion, Evoke Invisibility, Depart the Abyss


You were on level 4 of the Dungeon.
You worshipped Lugonu.
Lugonu was aware of your devotion.
You visited 1 branch of the dungeon, and saw 4 of its levels.
You visited the Abyss 1 time.

You collected 74 gold pieces.

Inventory:

Hand Weapons
 a - a +1 hand axe
 g - a +2 spear of freezing
 k - a +2 vorpal hand axe (weapon)
Missiles
 n - 7 boomerangs
Armour
 b - a +0 leather armour (worn)
 h - a +0 pair of boots
 j - a scarf of invisibility (worn)
 l - a +2 pair of boots (worn)
Wands
 e - a wand of iceblast (6)
Scrolls
 c - a scroll of identify
 d - a scroll of random uselessness {unknown}
Potions
 f - 2 potions of flight


   Skills:
 * Level 3.9 Fighting
 * Level 2.9(3.0) Axes
 + Level 0.2(1.4) Polearms
 * Level 2.9 Armour
 * Level 1.0 Dodging
 * Level 0.3 Stealth
 * Level 0.3 Spellcasting
 * Level 2.5 Invocations
 * Level 0.2 Evocations


You had 2 spell levels left.
You didn't know any spells.
Your spell library was empty.

Dungeon Overview and Level Annotations

Branches:
Dungeon (4/15)
 Temple: D:4-7

Altars:

Annotations:
D:3 Grinder


Message History

You struggle against the net.
The gnoll hits you.
You struggle against the net.
The gnoll hits you.
You tear a large gash into the net.
The gnoll barely misses you.
You shred the net and break free! The gnoll hits you but does no damage.
The gnoll barely misses you. The ogre hits you with a +0 giant club.
The gnoll hits you.
You closely miss the gnoll. You hit the gnoll but do no damage.
You hit the gnoll. You barely miss the gnoll. You hit the ogre.
The gnoll hits you. The gnoll barely misses you. The gnoll hits you.
* * * LOW HITPOINT WARNING * * *
The ogre barely misses you. The gnoll barely misses you.
As you read the scroll labelled XUAKYL DAESO, it crumbles to dust.
It is a scroll of identify.
f - 2 potions of flight The gnoll hits you but does no damage.
The gnoll barely misses you. The gnoll hits you but does no damage.
The gnoll hits you with a +0 whip.
* * * LOW HITPOINT WARNING * * *
The ogre hits you with a +0 giant club!!
Ouch! That really hurt!
You die...

**,,,,,,,,***,,* **,******,,,
*,,,,,,,,...#..* **,**,,*,,,
,,,,,,,,,......#####** **,,,****,
,,,*,,,,,.......#..#,** *,,,* *,
,,,,,,*,,..........,,,* **,,*****
*,,,,,,,,......#..#,,,* **,,,,**,
**,,,,,,,.......(.##*****,,,,,,,,
**,,,,,,.>....ggg.#*,,,***,,,,*,
****,,,,*****#.g@..#*,_,,∩,,,,,*,
,,,,,,,,* ####O.##,,,***,,,,,,
*,,,,,,,*** ##..###**,,,,,,,,
*****,,,,,*** ##...#*,,,,,,,,,
**,,,,,,,,**** #...#,,,,,,,,,,
**,,**,**,,,,,***##.#.......,,,,
**,,***,******,,,,,#.........,,,,
*,*** **,* ****,,..........,,,,
*** *,* **##.........,,,*


You could see an ogre and 4 gnolls.

Vanquished Creatures
  A white imp (D:4)
  An ooze (D:2)
  A dart slug (D:1)
  A bat (D:4)
  A giant cockroach (D:1)
  2 goblins (D:3)
  2 hobgoblins
  2 kobolds (D:2)
  A quokka (D:3)
  4 rats
16 creatures vanquished.

Notes
Turn   | Place    | Note
-------+----------+-------------------------------------------
     0 | Abyss:1  | Acheron the Hill Orc Abyssal Knight began the quest for the
                  | Orb.
     0 | Abyss:1  | Reached XP level 1. HP: 19/19 MP: 2/2
     7 | Abyss:2  | Found a corrupted altar of Lugonu.
    38 | Abyss:2  | Noticed a golden eye
    38 | Abyss:2  | Noticed a golden eye
    57 | D:1      | Escaped the Abyss
   232 | D:1      | Reached skill level 1 in Dodging
   383 | D:1      | Reached XP level 2. HP: 27/27 MP: 3/3
   498 | D:3      | Reached * piety under Lugonu
   714 | D:3      | Noticed Grinder
   716 | D:3      | Paralysed by Grinder for 2 turns
   742 | D:4      | Noticed an ogre
   743 | D:4      | Reached XP level 3. HP: 30/33 MP: 4/4
   754 | D:4      | HP: 1/33 [gnoll/+0 whip (3)]
   754 | D:4      | Annihilated by an ogre

Illustrated notes

Levels and vault maps discovered:
D:1:      mrwooster_arrival_statue, layout_basic
D:2:      layout_basic, grunt_temple_overflow_holy_war, uniq_robin, uniq_terence
D:3:      layout_basic, chequers_temple_overflow_statue_of_worship, uniq_grinder
D:4:      layout_layer_cave, lemuel_doored_altar, nzn_hepliaklqana_mist_gate,
          nzn_wu_jian_council_hall, marbit_many_paths, ebering_ghost_sewer_d,
          nzn_random_ring, uniq_duvessa

Skill      XL: |  1 |
---------------+----+-----
Dodging        | 1 |  1.0
Fighting       | |  3.9
Axes           | |  2.9
Polearms       | |  0.2
Armour         | |  2.9
Stealth        | |  0.3
Spellcasting   | |  0.3
Invocations    | |  2.5
Evocations     | |  0.2

Action                   || total
-------------------------++-------
Melee: Spear             ||    36
       Hand axe          ||     3
Invok: Depart the Abyss  ||     1
  Use: Scroll            ||     5
Armor: Leather armour    ||    20
Dodge: Dodged            ||    29
